 Dungeon Crawl Stone Soup version 0.29-a0-322-g68df515428 (webtiles) character file.

Game seed: 12693624511792239859

165 kae the Firebug (level 5, 0/30 HPs)
             Began as a Tengu Fire Elementalist on Apr 7, 2022.
             Was an Initiate of Sif Muna.
             Slain by a gnoll
             ... wielding a +0 whip
              (6 damage)
             ... on level 3 of the Dungeon.
             The game lasted 00:02:30 (5120 turns).

kae the Firebug (Tengu Fire Elementalist)           Turns: 5120, Time: 00:02:31

Health: 0/30       AC:  3    Str:  9    XL:     5   Next: 46%
Magic:  3/10       EV: 15    Int: 17    God:    Sif Muna [......]
Gold:   103        SH:  0    Dex: 14    Spells: 3/9 levels left

rFire   + . .      SeeInvis .   i - +1 spear
rCold   . . .      Faith    .   (no shield)
rNeg    . . .      Spirit   .   s - +1 robe {rF+}
rPois   .          Reflect  .   (helmet restricted)
rElec   .          Harm     .   (no cloak)
rCorr   .          Rampage  .   (no gloves)
Will    .....                   (boots unavailable)
Stlth   ++........              (no amulet)
HPRegen 0.10/turn               (no ring)
MPRegen 0.12/turn               (no ring)

@: flying quickly and evasively, very slightly contaminated, quick
A: beak, talons 3, nimble flight
a: Renounce Religion


You were on level 3 of the Dungeon.
You worshipped Sif Muna.
Sif Muna was noncommittal.
You visited 2 branches of the dungeon, and saw 5 of its levels.

You collected 168 gold pieces.
You spent 65 gold pieces at shops.

Inventory:

Hand Weapons
 i - a +1 spear (weapon)
Missiles
 f - a throwing net
Armour
 s - a +1 robe of fire resistance (worn)
Jewellery
 e - a ring of flight
Wands
 d - a wand of flame (2)
Scrolls
 c - a scroll of vulnerability
 h - 3 scrolls of magic mapping
 q - a scroll of fear
 r - a scroll of teleportation
Potions
 b - 2 potions of magic
 g - a potion of attraction
 j - 2 potions of ambrosia
 k - 3 potions of curing
 l - 2 potions of haste {unknown}
 m - 2 potions of flight
 n - a potion of degeneration {unknown}
 o - a potion of brilliance {unknown}
 p - 3 potions of heal wounds {unknown}


   Skills:
 + Level 1.7 Fighting
 + Level 2.0 Armour
 + Level 3.0 Dodging
 - Level 2.0 Stealth
 + Level 2.6 Spellcasting
 + Level 2.9 Conjurations
 + Level 4.1 Fire Magic


You had 3 spell levels left.
You knew the following spells:

 Your Spells              Type           Power      Damage    Failure   Level
a - Foxfire               Conj/Fire      56%        2x1d6     4%          1
b - Scorch                Fire           32%        2d7       4%          2
c - Conjure Flame         Conj/Fire      14%        6-21      13%         3

Your spell library contained the following spells:

 Spells                   Type           Power      Damage    Failure   Level
 Inner Flame              Hex/Fire       9%         N/A       24%         3
 Flame Wave               Conj/Fire      14%        2d6       38%         4


Dungeon Overview and Level Annotations

Branches:
Dungeon (4/15)             Temple (1/1) D:4

Altars:
Ashenzari
Dithmenos
Elyvilon
Gozag
Kikubaaqudgha
Makhleb
Nemelex Xobeh
Okawaru
Qazlal
Ru
Sif Muna
Trog
Uskayaw
Vehumet
Wu Jian
Xom
Yredelemnul
Zin
The Shining One

Shops:
D:3 ?

Annotations:
D:3 3 runed translucent doors, kae's ghost, amateur TeFE


Innate Abilities, Weirdness & Mutations

You have a beak for a mouth.
You have claws for feet.
Your magical nature lets you fly swiftly and evasively.


Message History

You conjure some foxfire!
The gnoll barely misses you.
The foxfire hits the gnoll.
You kill the gnoll!
Sif Muna accepts your kill.
The foxfire hits the gnoll.
The gnoll is moderately wounded.
The gnoll hits you with a +0 whip.
Casting: Foxfire (safe; 4% risk of failure)
Confirm with . or Enter, or press ? or * to list all spells.
You conjure some foxfire!
The gnoll hits you with a +0 whip.
The foxfire hits the gnoll but does no damage.
The gnoll is moderately wounded.
The foxfire hits the gnoll.
The gnoll is severely wounded.
The gnoll hits you with a +0 whip.
* * * LOW HITPOINT WARNING * * *
A quokka comes into view.
There is a stone staircase leading up here.
Casting: Foxfire (safe; 4% risk of failure)
Confirm with . or Enter, or press ? or * to list all spells.
You conjure some foxfire!
The foxfire hits the gnoll.
The gnoll is severely wounded.
The foxfire hits the gnoll but does no damage.
The gnoll is severely wounded.
The gnoll misses you.
You fly upwards.
Level annotation: 3 runed translucent doors, kae's ghost, amateur TeFE
There is a stone staircase leading down, spattered with blood here.
Casting: Foxfire (safe; 4% risk of failure)
Confirm with . or Enter, or press ? or * to list all spells.
You miscast Foxfire.
You are very lightly contaminated with residual magic.
Nothing appears to happen.
The gnoll hits you with a +0 whip.
* * * LOW HITPOINT WARNING * * *
Casting: Foxfire (safe; 4% risk of failure)
Confirm with . or Enter, or press ? or * to list all spells.
You miscast Foxfire.
Nothing appears to happen.
The gnoll hits you with a +0 whip.
You die...

..#######............###.#...#
..# #............# #.#...# .####
#..##..#.....# #.#...#
....#####..###.#.....# #.#...#
.....(...............# #.#...#
.....####..####......###.#...#
...........####..........#...####
.....#####.....).....#####.......
.....# #.##.#.@g...........####
.....# #.##.#.#######.##..##
####.#####.##.#.# ###.###.#
#.............#.#####.....#.#
[......######......##.#.###.#
.....#.# #.........#.#########
.....#.# #..###.####..........
#.####.# ###..# #.# #.#########
#.# #.# #....# #.# #.# #


You could see a gnoll.

Vanquished Creatures
  A jelly (D:4)
  Ijyb (D:4)
  An adder (D:3)
  4 gnolls
  2 worms (D:2)
  A dart slug (D:1)
  5 ball pythons
  7 endoplasms
  3 giant cockroaches
  4 goblins
  6 hobgoblins
  A quokka (D:3)
  3 bats
  5 frilled lizards
  2 kobolds (D:1)
  7 rats
53 creatures vanquished.

Vanquished Creatures (others)
  148 foxfires
148 creatures vanquished.

Grand Total: 201 creatures vanquished

Notes
Turn   | Place    | Note
-------+----------+-------------------------------------------
     0 | D:1      | kae the Tengu Fire Elementalist began the quest for the
                  | Orb.
     0 | D:1      | Reached XP level 1. HP: 10/10 MP: 4/4
    56 | D:1      | Found a faded altar of an unknown god.
  1051 | D:2      | Reached XP level 2. HP: 16/16 MP: 1/6
  1452 | D:1      | Reached XP level 3. HP: 7/20 MP: 3/7
  1810 | D:1      | Reached skill level 1 in Armour
  1814 | D:1      | Reached skill level 1 in Fighting
  2418 | D:1      | Learned a level 2 spell: Scorch
  2422 | D:1      | Learned a level 3 spell: Conjure Flame
  3296 | D:3      | Noticed kae's ghost (amateur TeFE)
  3500 | D:3      | Reached XP level 4. HP: 25/25 MP: 6/8
  3533 | D:3      | Found Huellyop's Magic Scroll Emporium.
  3541 | D:3      | Bought a scroll of fear for 35 gold pieces
  3541 | D:3      | Bought a scroll of teleportation for 30 gold pieces
  3637 | D:3      | Found a runed translucent gate.
  3637 | D:3      | Found a runed translucent gate.
  3637 | D:3      | Found a runed translucent gate.
  3701 | D:3      | Found a white marble altar of Elyvilon.
  3701 | D:3      | Found a glowing golden altar of the Shining One.
  4328 | D:4      | Noticed Ijyb
  4345 | D:4      | Killed Ijyb
  4346 | D:4      | Found a radiant altar of Vehumet.
  4683 | D:4      | Found a staircase to the Ecumenical Temple.
  4715 | Temple   | Entered the Ecumenical Temple
  4932 | Temple   | Became a worshipper of Sif Muna the Loreminder
  4998 | D:4      | Reached skill level 4 in Fire Magic
  4998 | D:4      | Gained mutation: Your magical nature lets you fly swiftly
                  | and evasively. [Tengu growth]
  4998 | D:4      | Reached XP level 5. HP: 30/30 MP: 5/9
  5120 | D:3      | Slain by a gnoll

Illustrated notes

Levels and vault maps discovered:
D:1:      amcnicky_arrival_wind_blow, layout_loops_corners,
          ebering_ecumenical_altar_box
D:2:      layout_loops_ring
D:3:      layout_basic, chequers_temple_overflow_statue_of_worship,
          serial_shops, nicolae_diamond_shop, gammafunk_ghost_icy
D:4:      layout_basic, vehumet_crystals, minmay_temple_entry_tees, uniq_ijyb,
          uniq_sigmund, uniq_robin
Temple:   eino_temple_rhombus

Skill      XL: |  1  2  3  4  5 |
---------------+----------------+-----
Armour         | 1 2 |  2.0
Conjurations   | 2 |  2.9
Fighting       | 1 |  1.7
Dodging        | 3 |  3.0
Fire Magic     | 4 |  4.1
Stealth        | |  2.0
Spellcasting   | |  2.6

Action                   |  1- 3 |  4- 6 || total
-------------------------+-------+-------++-------
Melee: Spear             |    63 |     8 ||    71
       Peck              |    12 |     1 ||    13
       Kick              |    11 |       ||    11
 Cast: Foxfire           |    52 |    36 ||    88
       Scorch            |     2 |     4 ||     6
  Use: Potion            |     1 |     3 ||     4
       Scroll            |     5 |     4 ||     9
 Stab: Sleeping          |     3 |       ||     3
Armor: Robe              |     7 |     2 ||     9
Dodge: Dodged            |    33 |    13 ||    46

Table legend: (Time is in decaauts)
 A = Elapsed time spent in this place.
 B = Non-inter-level travel time spent in this place.
 C = Inter-level travel time spent in this place.
 D = Time resting spent in this place.
 E = Time spent auto-exploring this place.
 F = Levels seen in this place.
 G = Mean time per level.
                   A        B        C        D        E       F      G
               +--------+--------+--------+--------+--------+-----+--------+
         Total |   5150 |   4863 |    287 |    322 |   3979 |   5 | 1030.0 |
       Dungeon |   4926 |   4659 |    267 |    322 |   3788 |   4 | 1231.5 |
        Temple |    223 |    204 |     19 |      0 |    191 |   1 |  223.0 |
               +--------+--------+--------+--------+--------+-----+--------+

Top non-repeatable levels by time:
     D:2: 1607 daAuts
     D:3: 1515 daAuts
     D:1: 1512 daAuts
     D:4: 291 daAuts
  Temple: 223 daAuts
